 Dungeon Crawl Stone Soup version 0.21.1-1-g345015f (webtiles) character file.

114 Iko the Ducker (level 4, -10/42 HPs)
             Began as a Deep Dwarf Monk on June 17, 2018.
             Mangled by a two-headed ogre
             ... wielding a +0 giant spiked club
              (12 damage)
             ... on level 8 of the Dungeon.
             The game lasted 00:06:56 (708 turns).

Iko the Ducker (Deep Dwarf Monk)                     Turns: 708, Time: 00:06:56

Health: -10/42     AC:  2    Str: 15    XL:     4   Next: 67%
Magic:  3/3        EV: 14    Int: 11    God:
Gold:   108        SH:  0    Dex: 15    Spells: 3/3 levels left

rFire    . . .     SeeInvis .   f - +0 dagger (drain)
rCold    . . .     Gourm    .   (no shield)
rNeg     . . .     Faith    .   b - +0 robe
rPois    .         Spirit   .   (no helmet)
rElec    .         Reflect  .   (no cloak)
rCorr    .         Harm     .   (no gloves)
MR       .....                  (no boots)
Stlth    ++........             (no amulet)
HPRegen  0.00/turn              (no ring)
MPRegen  0.08/turn              (no ring)

@: non-regenerating
A: damage resistance, heal wounds, sense surroundings 1, no regeneration
a: Heal Wounds


You were on level 8 of the Dungeon.
You were not hungry.

You visited 1 branch of the dungeon, and saw 7 of its levels.

You collected 108 gold pieces.

Inventory:

Hand Weapons
 d - a +0 hunting sling
 f - a +0 dagger of draining (weapon)
Armour
 b - a +0 robe (worn)
Comestibles
 c - 3 rations


   Skills:
 + Level 3.4 Fighting
 + Level 3.2 Short Blades
 + Level 1.4 Slings
 + Level 4.4 Dodging
 + Level 2.6 Stealth


You had 3 spell levels left.
You didn't know any spells.

Dungeon Overview and Level Annotations

Branches:
Dungeon (8/15)
 Temple: D:4-7         Lair: D:8-11

Altars:


Innate Abilities, Weirdness & Mutations

You are resistant to damage.
You can heal yourself by infusing magical energy.
You passively map a small area around you.
You do not regenerate.


Message History

The two-headed ogre closely misses you. The two-headed ogre misses you.
You hit the two-headed ogre.
The two-headed ogre is moderately wounded.
You closely miss the two-headed ogre.
The two-headed ogre is moderately wounded.
The two-headed ogre barely misses you. The two-headed ogre closely misses you.
You barely miss the two-headed ogre.
The two-headed ogre is moderately wounded.
The two-headed ogre hits you with a giant spiked club!!
Ouch! That really hurt!
The two-headed ogre hits you with a giant club.
You hit the two-headed ogre.
The two-headed ogre is moderately wounded.
You fail to use your ability.
The two-headed ogre hits you with a giant spiked club!
* * * LOW HITPOINT WARNING * * *
The two-headed ogre closely misses you.
You fail to use your ability.
The two-headed ogre hits you with a giant spiked club!
You die...

* * * ...... ,
...... #...(.. ,
** ##..)(..., ,
###### ##...(....
* , ,
......##<....$...
,
#........O......,
, *#....@.......,
, , ##...........
, , *
#<..........#
*#.......##### *
#....##### #..###
, #..## * #.# .#
*


You could see a two-headed ogre.

Vanquished Creatures
  A wyvern zombie (D:6)
  A gnoll (D:1)
  A worm (D:2)
  9 dart slugs
  2 bats (D:1)
  2 giant cockroaches
  2 goblins (D:1)
  2 hobgoblins (D:1)
  2 jackals (D:2)
  4 kobolds
  A rat (D:1)
27 creatures vanquished.

Notes
Turn   | Place    | Note
-------+----------+-------------------------------------------
     0 | D:1      | Iko the Deep Dwarf Monk began the quest for the Orb.
     0 | D:1      | Reached XP level 1. HP: 20/20 MP: 1/1
   198 | D:1      | Reached XP level 2. HP: 15/28 MP: 2/2
   304 | D:2      | Reached XP level 3. HP: 13/34 MP: 3/3
   463 | D:4      | Reached skill level 4 in Dodging
   551 | D:4      | You fall through a shaft for 2 floors!
   586 | D:6      | Reached skill level 1 in Slings
   586 | D:6      | Reached XP level 4. HP: 25/42 MP: 3/3
   692 | D:8      | Noticed a two-headed ogre
   707 | D:8      | HP: 2/42 [two-headed ogre/giant spiked club (15)]
   708 | D:8      | Mangled by a two-headed ogre

Skill      XL: |  1  2  3 |
---------------+----------+-----
Fighting       | 3 |  3.4
Dodging        | 4 |  4.4
Short Blades   | 3 |  3.2
Slings         | 1 |  1.4
Stealth        | |  2.6

Action                   |  1- 3 |  4- 6 || total
-------------------------+-------+-------++-------
Melee: Short sword       |    15 |       ||    15
       Dagger            |   113 |     7 ||   120
 Fire: Hunting sling     |    25 |     3 ||    28
 Abil: Heal Wounds       |     3 |     1 ||     4
  Use: Scroll            |     3 |       ||     3
       Potion            |     3 |       ||     3
Armor: Robe              |    12 |       ||    12
Dodge: Dodged            |    91 |     8 ||    99
